 Dungeon Crawl Stone Soup version 0.31-a0-220-gc2f4f3cf83 (webtiles) character file.

Game seed: 3576909473974489354

499 qw the Shooter (level 7, -1/43 HPs)
             Began as a Gargoyle Hexslinger on July 3, 2023.
             Killed from afar by an orc wizard (3 damage)
             ... with a puff of flame
             ... on level 5 of the Dungeon.
             The game lasted 00:01:30 (3435 turns).

qw the Shooter (Gargoyle Hexslinger)                Turns: 3435, Time: 00:01:30

Health: -1/43      AC: 12    Str: 12    XL:     7   Next: 16%
Magic:  8/8        EV: 10    Int: 13    God:
Gold:   196        SH:  0    Dex: 14    Spells: 7/8 levels left

rFire   . . .        Y - +1 sling (drain)
rCold   . . .        (no shield)
rNeg    + . .        e - +0 ring mail
rPois   inf          (no helmet)
rElec   +            f - +0 cloak
rCorr   .            b - +0 pair of gloves
SInv    .            (no boots)
Will    .....        c - amulet of faith
Stlth   +            (no ring)
HPRegen 0.27/turn    (no ring)
MPRegen 0.11/turn

%: faith
@: no status effects
A: sickness immunity, AC +4, negative energy resistance 1, electricity
resistance, torment resistance 1, petrification resistance
a: no special abilities


You were on level 5 of the Dungeon.
You visited 1 branch of the dungeon, and saw 5 of its levels.

You collected 196 gold pieces.


Innate Abilities, Weirdness & Mutations

You are immune to sickness and miasma.
Your stone body is resilient. (AC +4)
You are immune to poison.
You resist negative energy. (rN+)
You are resistant to electric shocks. (rElec)
You are resistant to unholy torment.
You are immune to petrification.


   Skills:
 - Level 4.1 Fighting
 + Level 6.4 Ranged Weapons
 - Level 1.1 Armour
 - Level 1.5 Dodging
 - Level 1.0 Spellcasting
 - Level 2.6 Hexes


You had 7 spell levels left.
You knew the following spells:

 Your Spells              Type           Power      Damage    Failure   Level
a - Slow                  Hex            28%        N/A       22%         1

Your spell library contained the following spells:

 Spells                   Type           Power      Damage    Failure   Level
 Inner Flame              Hex/Fire       4%         N/A       73%         3
 Portal Projectile        Hex/Tloc       8%         N/A       73%         3
 Cause Fear               Hex            3%         N/A       91%         4

Inventory:

Hand Weapons
 Y - a +1 sling of draining (weapon)
Armour
 b - a +0 pair of gloves (worn)
 e - a +0 ring mail (worn)
 f - a +0 cloak (worn)
Jewellery
 c - an amulet of faith (around neck)
 i - an amulet of reflection
Scrolls
 a - 4 scrolls of identify
 h - a scroll of fog {unknown}
Potions
 d - 2 potions of curing
 g - a potion of might {unknown}

Dungeon Overview and Level Annotations

Branches:
Dungeon (5/15)
 Temple: D:4-7

Altars:
Zin


Message History

The orc warrior is almost dead.
The orc warrior closely misses you.
Something hits you but does no damage. x2
The orc warrior hits you but does no damage.
You shoot a sling bullet.
The sling bullet barely misses the orc warrior.
The sling bullet completely misses the scorpion.
The sling bullet barely misses the orc.
Something hits you. Something hits you but does no damage.
You shoot a sling bullet.
The sling bullet closely misses the scorpion.
The sling bullet hits the orc warrior but does no damage.
The orc warrior is almost dead.
You hear some strange, mumbled words.
A magic dart appears from out of thin air!
The magic dart hits you. Something hits you but does no damage.
The scorpion misses you.
You shoot a sling bullet.
The sling bullet hits the scorpion but does no damage.
You hear some strange, mumbled words.
A puff of flame appears from out of thin air!
The puff of flame hits you. Something hits you.
The scorpion stings you but does no damage.
Something hits you but does no damage.
You hear some strange, mumbled words.
A puff of flame appears from out of thin air!
The puff of flame hits you but does no damage.
You shoot a sling bullet.
The sling bullet hits the scorpion but does no damage.
The scorpion closely misses you. Something hits you but does no damage.
Something hits you.
The scorpion stings you but does no damage.
You shoot a sling bullet. The sling bullet hits the scorpion.
You drain the scorpion.
The scorpion is moderately wounded.
The scorpion stings you but does no damage.
Something hits you.
You hear some strange, mumbled words.
A puff of flame appears from out of thin air!
The puff of flame hits you.
You die...

........##.#
####...#
........##.# #...#
........##.####
#...#
..............#
#...#
...^<.....###.#
###.#
..........###.####
+#...............#
#...............#
#..........{@{..#
#........###s####
#........# #o#
.......##


o{S ....... .o. .###### #.... ..... ...... You could see an orc warrior (very
drained), a scorpion (drained), an adder and 2 orcs.

Vanquished Creatures
  Edmund (D:4)
  A scorpion (D:4)
  An orc priest (D:5)
  3 iguanas
  An orc wizard (D:4)
  3 gnolls (D:4)
  6 adders
  3 worms
  4 dart slugs
  6 orcs
  5 ball pythons
  5 bats
  8 endoplasms
  3 giant cockroaches
  5 goblins
  9 hobgoblins
  9 jackals
  3 quokkas
  2 frilled lizards (D:2)
  5 kobolds
  3 rats
86 creatures vanquished.

Notes
Turn   | Place    | Note
-------+----------+-------------------------------------------
     0 | D:1      | qw the Gargoyle Hexslinger began the quest for the Orb.
     0 | D:1      | Reached XP level 1. HP: 12/12 MP: 2/2
     0 | D:1      | 0 ||| qw: Version: 0.3-a-40-ge99b1a8
     0 | D:1      | 0 ||| qw: Game counter: 459
     0 | D:1      | 0 ||| qw: Melee chars always use a shield: true
     0 | D:1      | 0 ||| qw: God list: Okawaru
     0 | D:1      | 0 ||| qw: Allow faded altars: false
     0 | D:1      | 0 ||| qw: Do Orc after clearing Dungeon:15 true
     0 | D:1      | 0 ||| qw: Do second Lair branch before Depths: true
     0 | D:1      | 0 ||| qw: Lair rune preference: random
     0 | D:1      | 0 ||| qw: Goals: Normal
     0 | D:1      | 0 ||| PLANNING D:1-11
   140 | D:1      | Reached XP level 2. HP: 16/16 MP: 3/3
   174 | D:1      | Reached skill level 3 in Ranged Weapons
   383 | D:1      | Reached XP level 3. HP: 19/21 MP: 4/4
   479 | D:1      | 479 ||| UPGRADING to +0 ring mail.
   489 | D:1      | 489 ||| DROPPING +0 robe.
   490 | D:1      | 490 ||| READING 3 scrolls labelled XOVEHU MOXZEOS.
   491 | D:1      | 491 ||| READING 2 scrolls of identify.
   491 | D:1      | 491 ||| IDENTIFYING glowing emerald potion
   492 | D:1      | 492 ||| DROPPING scroll of poison.
   685 | D:2      | Reached XP level 4. HP: 20/26 MP: 5/5
   691 | D:2      | HP: 5/26 [hobgoblin (4)]
   694 | D:2      | Reached skill level 4 in Ranged Weapons
   805 | D:2      | Reached skill level 1 in Armour
  1236 | D:2      | 1236 ||| UPGRADING to amulet of reflection.
  1241 | D:2      | 1241 ||| READING scroll labelled XUINANLEUS.
  1242 | D:2      | 1242 ||| READING scroll labelled MUSOAL DAOVYMO.
  1243 | D:2      | 1243 ||| READING scroll labelled BEKOLY RASH.
  1244 | D:2      | 1244 ||| READING scroll labelled CASOBU ROADELO.
  1245 | D:2      | 1245 ||| READING scroll labelled YSAHEO ATIWEUS.
  1246 | D:2      | 1246 ||| DRINKING 2 fizzy ruby potions.
  1247 | D:2      | 1247 ||| DROPPING potion of degeneration.
  1343 | D:2      | You fall into a shaft and drop 1 floor!
  1480 | D:3      | Found a glowing silver altar of Zin.
  1603 | D:3      | Reached XP level 5. HP: 27/30 MP: 6/6
  1628 | D:3      | 1628 ||| READING scroll labelled DEUKLYUCHA.
  1629 | D:3      | 1629 ||| READING 2 scrolls of identify.
  1629 | D:3      | 1629 ||| IDENTIFYING orange potion
  1630 | D:3      | 1630 ||| DROPPING potion of brilliance.
  1804 | D:2      | 1804 ||| UPGRADING to +0 pair of gloves.
  1809 | D:2      | 1809 ||| UPGRADING to amulet of faith.
  1912 | D:3      | Reached skill level 5 in Ranged Weapons
  2273 | D:3      | 2273 ||| UPGRADING to +0 cloak.
  2278 | D:3      | 2278 ||| READING 3 scrolls of identify.
  2278 | D:3      | 2278 ||| IDENTIFYING coppery potion
  2279 | D:3      | 2279 ||| DROPPING potion of magic.
  2327 | D:4      | Noticed Edmund
  2352 | D:4      | HP: 4/30 [Edmund/+1 flail of protection (4)]
  2354 | D:4      | Killed Edmund
  2355 | D:4      | Reached XP level 6. HP: 6/38 MP: 7/7
  2935 | D:4      | Reached skill level 6 in Ranged Weapons
  2935 | D:4      | Reached XP level 7. HP: 43/43 MP: 8/8
  3323 | D:4      | 3323 ||| READING 5 scrolls of identify.
  3323 | D:4      | 3323 ||| IDENTIFYING dark potion
  3324 | D:4      | 3324 ||| DROPPING potion of attraction.
  3364 | D:5      | Entered Level 5 of the Dungeon
  3425 | D:5      | 3425 ||| DRINKING 3 potions of curing.
  3425 | D:5      | 3425 ||| (to cure confusion)
  3432 | D:5      | HP: 9/43 [something/magic dart (6)]
  3433 | D:5      | HP: 4/43 [something (3)]
  3435 | D:5      | Killed from afar by an orc wizard

Levels and vault maps discovered:
D:1:      minmay_arrival_pointy, layout_basic
D:2:      minmay_recursive_quarters, layout_rooms, serial_co_window_serial,
          co_window_corner_a, co_window_paths_a, co_window_cross_1,
          co_window_of_opportunity_a, co_window_paths_b, co_window_corner_ca,
          co_window_unsneaky_path_a, co_window_of_opportunity_b,
          co_window_cross_2, co_window_broadway_c, glass_columns_a,
          glass_columns_a, glass_columns_b, glass_columns_a, glass_columns_a
D:3:      layout_basic, mainiacjoe_overflow_cross_hatched, due_unseen_surprise
D:4:      layout_loops_ring, minmay_door_square, uniq_edmund
D:5:      layout_basic, minmay_temple_entry_from_below_b, hex_intersection

Skill      XL: |  1  2  3  4  5  6 |
---------------+-------------------+-----
Ranged Weapons | 3 4 5 6 |  6.4
Fighting       | 2 4 |  4.1
Armour         | 1 |  1.1
Dodging        | |  1.5
Spellcasting   | |  1.0
Hexes          | |  2.6

Action                     |  1- 3 |  4- 6 |  7- 9 || total
---------------------------+-------+-------+-------++-------
   Fire: Sling             |   102 |   225 |    38 ||   365
    Use: Scroll            |     2 |     8 |     1 ||    11
         Potion            |       |     1 |     1 ||     2
 Armour: Robe              |     9 |       |       ||     9
         Ring mail         |    20 |    57 |    21 ||    98
  Dodge: Dodged            |    55 |    85 |    12 ||   152
  Block: Other             |       |    11 |       ||    11

Table legend:
 A = Non-vault XP
 B = Vault XP
 C = Vault XP percentage of total XP
 D = Non-vault monster count
 E = Vault monster count
 F = Vault count percentage of total count
                 A         B        C        D         E       F
            +---------+---------+-------+---------+---------+-------
      Total |     503 |     210 |  29.5 |      77 |       9 |  10.5
            +---------+---------+-------+---------+---------+-------
        D:1 |      45 |       0 |   0.0 |      22 |       0 |   0.0
        D:2 |      67 |      39 |  36.8 |      16 |       8 |  33.3
        D:3 |      70 |       0 |   0.0 |      16 |       0 |   0.0
        D:4 |     280 |     171 |  37.9 |      22 |       1 |   4.3
        D:5 |      41 |       0 |   0.0 |       1 |       0 |   0.0
            +---------+---------+-------+---------+---------+-------
